TOP OF THE 1ST |
Beloit Snappers batting - Pitching for Lake County Captains : RHP David Matheney
|
Pitching: RHP David Matheney
|
|
Batting: LHB Jeremy Brammer
|
0-0: Called Strike 0-1: Called Strike 0-2: Ball 1-2: Strikes out swinging
|
Batting: RHB Roger Simmons
|
0-0: Called Strike 0-1: Ball 1-1: Ball 2-1: Ball 3-1: Foul Ball, location: 2F 3-2: Strikes out swinging
|
Batting: LHB Fred Arends
|
0-0: Swinging Strike 0-1: Swinging Strike 0-2: Strikes out swinging
|
Top of the 1st over - 0 runs, 0 hits, 0 errors, 0 left on base; Beloit 0 - Lake County 0 |
BOTTOM OF THE 1ST |
Lake County Captains batting - Pitching for Beloit Snappers : RHP Guo-quiang Chen
|
Pitching: RHP Guo-quiang Chen
|
|
Batting: LHB Tetsuya Oba
|
0-0: Called Strike 0-1: Ball 1-1: Swinging Strike 1-2: Foul Ball, location: 2F 1-2: Ball 2-2: Ball 3-2: Foul Ball, location: 2F 3-2: Base on Balls
|
Batting: SHB Jarrod Lindblad
|
0-0: Ball 1-0: Ball 2-0: Foul Ball, location: 2F 2-1: Ball 3-1: Foul Ball, location: 2F 3-2: Foul Ball, location: 2F 3-2: Strikes out swinging
|
Batting: RHB Ricky Deen
|
0-0: Fly out, F7 (Line Drive, 7, EV 91.2 MPH)
|
Batting: RHB Ernest Olkowicz
|
0-0: Called Strike 0-1: Ball 1-1: 2-RUN HOME RUN (Flyball, 9LD, EV 93.1 MPH), Distance : 342 ft
|
Batting: LHB Brandon Hopper
|
0-0: Called Strike 0-1: Called Strike 0-2: Foul Ball, location: 2F 0-2: Ground out U3 (Groundball, 3, EV 108.1 MPH)
|
Bottom of the 1st over - 2 runs, 1 hit, 0 errors, 0 left on base; Beloit 0 - Lake County 2 |
TOP OF THE 2ND |
Beloit Snappers batting - Pitching for Lake County Captains : RHP David Matheney
|
Batting: RHB Shannon Beck
|
0-0: Ball 1-0: Foul Ball, location: 2F 1-1: Ball 2-1: Foul Ball, location: 2F 2-2: Ball 3-2: Reached on error, E6 (Groundball, 56, EV 90.0 MPH)
|
Batting: RHB Manny Moron
|
0-0: Called Strike 0-1: Ball 1-1: Ball 2-1: Fly out, F9 (Flyball, 9S, EV 81.2 MPH)
|
Batting: SHB Ivan Barry
|
0-0: Ball 1-0: Foul Ball, location: 2F 1-1: SINGLE (Line Drive, 8LS, EV 97.5 MPH) Shannon Beck to second
|
Batting: RHB Tyler Stebbins
|
0-0: Ball 1-0: Called Strike 1-1: Ball 2-1: Foul Ball, location: 2F 2-2: DOUBLE (Groundball, 5L, EV 104.4 MPH) Shannon Beck scores Ivan Barry to third Runner from 3rd tries for Home, SAFE, throw by LF to trailing runner, OUT at third! 7-3-5
|
Batting: RHB Josh Mauer
|
0-0: Ball 1-0: Foul Ball, location: 2F 1-1: SINGLE (Groundball, 56D, EV 99.4 MPH)
|
Batting: RHB Alfredo Lemus
|
0-0: Ball Josh Mauer steals 2nd base 1-0: Foul Ball, location: 2F 1-1: Called Strike 1-2: Strikes out looking
|
Top of the 2nd over - 2 runs, 3 hits, 1 error, 1 left on base; Beloit 2 - Lake County 2 |
BOTTOM OF THE 2ND |
Lake County Captains batting - Pitching for Beloit Snappers : RHP Guo-quiang Chen
|
Batting: RHB Joeri Plas
|
0-0: Ball 1-0: Ball 2-0: Foul Ball, location: 2F 2-1: Fly out, F8 (Flyball, 8LXD, EV 83.1 MPH)
|
Batting: RHB John Shaffer
|
0-0: Ball 1-0: Ball 2-0: Ball 3-0: Called Strike 3-1: Foul Ball, location: 2F 3-2: Strikes out swinging
|
Batting: RHB Chris Diaz
|
0-0: Foul Ball, location: 2F 0-1: Ball 1-1: Fly out, F8 (Line Drive, 8LM, EV 95.6 MPH)
|
Bottom of the 2nd over - 0 runs, 0 hits, 0 errors, 0 left on base; Beloit 2 - Lake County 2 |
TOP OF THE 3RD |
Beloit Snappers batting - Pitching for Lake County Captains : RHP David Matheney
|
Batting: LHB Jeremy Brammer
|
0-0: Called Strike 0-1: Ball 1-1: Foul Ball, location: 2F 1-2: Ball 2-2: Strikes out swinging
|
Batting: RHB Roger Simmons
|
0-0: Foul Ball, location: 2F 0-1: Ball 1-1: Ball 2-1: Foul Ball, location: 2F 2-2: Ball 3-2: Foul Ball, location: 2F 3-2: SINGLE (Groundball, 6M, EV 93.8 MPH)
|
Batting: LHB Fred Arends
|
0-0: Called Strike 0-1: Ball 1-1: Called Strike 1-2: Ball 2-2: Strikes out swinging
|
Batting: RHB Shannon Beck
|
0-0: Foul Ball, location: 2F 0-1: Swinging Strike 0-2: Ball 1-2: Strikes out looking
|
Top of the 3rd over - 0 runs, 1 hit, 0 errors, 1 left on base; Beloit 2 - Lake County 2 |
BOTTOM OF THE 3RD |
Lake County Captains batting - Pitching for Beloit Snappers : RHP Guo-quiang Chen
|
Batting: RHB David Matheney
|
0-0: Foul Ball, location: 2F 0-1: Called Strike 0-2: Strikes out looking
|
Batting: LHB Tetsuya Oba
|
0-0: Called Strike 0-1: Swinging Strike 0-2: Ball 1-2: Strikes out swinging
|
Batting: SHB Jarrod Lindblad
|
0-0: Ball 1-0: Swinging Strike 1-1: Foul Ball, location: 2F 1-2: Foul Ball, location: 2F 1-2: Foul Ball, location: 2F 1-2: Foul Ball, location: 2F 1-2: Ball 2-2: Ball 3-2: Base on Balls
|
Batting: RHB Ricky Deen
|
0-0: Ball 1-0: Called Strike 1-1: Ball 2-1: SINGLE (Line Drive, 8RS, EV 88.8 MPH) Jarrod Lindblad to second Runner from 2nd tries for 3rd, OUT! 8-5
|
Bottom of the 3rd over - 0 runs, 1 hit, 0 errors, 1 left on base; Beloit 2 - Lake County 2 |
TOP OF THE 4TH |
Beloit Snappers batting - Pitching for Lake County Captains : RHP David Matheney
|
Batting: RHB Manny Moron
|
0-0: Called Strike 0-1: Reached on error, E5 (Groundball, 5, EV 83.8 MPH)
|
Batting: SHB Ivan Barry
|
0-0: Called Strike 0-1: Foul Ball, location: 2F 0-2: Strikes out swinging
|
Batting: RHB Tyler Stebbins
|
0-0: Ball 1-0: Called Strike 1-1: SINGLE (Line Drive, 56D, EV 88.1 MPH) Manny Moron to second
|
Batting: RHB Josh Mauer
|
0-0: Ball 1-0: Ball 2-0: Called Strike 2-1: Foul Ball, location: 2F 2-2: Foul Ball, location: 2F 2-2: Foul Ball, location: 2F 2-2: Foul Ball, location: 2F 2-2: Strikes out looking
|
Batting: RHB Alfredo Lemus
|
0-0: Called Strike 0-1: Ball 1-1: Ball 2-1: Ball 3-1: SINGLE (Groundball, 56D, EV 106.9 MPH) Manny Moron to third Tyler Stebbins to second Runner from 3rd tries for Home, SAFE, throw by LF to home
|
Batting: LHB Jeremy Brammer
|
0-0: Foul Ball, location: 2F 0-1: Fielders Choice at 2nd, 6-4 (Groundball, 6, EV 104.4 MPH)
|
Top of the 4th over - 1 run, 2 hits, 1 error, 2 left on base; Beloit 3 - Lake County 2 |
BOTTOM OF THE 4TH |
Lake County Captains batting - Pitching for Beloit Snappers : RHP Guo-quiang Chen
|
Batting: RHB Ernest Olkowicz
|
0-0: Foul Ball, location: 2F 0-1: Ball 1-1: Foul Ball, location: 2F 1-2: Ball 2-2: Foul Ball, location: 2F 2-2: DOUBLE (Line Drive, 89M, EV 101.9 MPH)
|
Batting: LHB Brandon Hopper
|
0-0: Ball 1-0: Ball 2-0: Swinging Strike 2-1: Ball 3-1: Ground out 4-3 (Groundball, 4, EV 88.1 MPH) Ernest Olkowicz to third
|
Batting: RHB Joeri Plas
|
0-0: Foul Ball, location: 2F 0-1: Foul Ball, location: 2F 0-2: Fly out, F7 (Flyball, 7D, EV 96.2 MPH) Runner from 3rd tags up, SCORES, no throw by LF
|
Batting: RHB John Shaffer
|
0-0: Ball 1-0: Called Strike 1-1: Foul Ball, location: 2F 1-2: Foul Ball, location: 2F 1-2: Ball 2-2: Foul Ball, location: 2F 2-2: SINGLE (Flyball, 3D, EV 96.9 MPH)
|
Batting: RHB Chris Diaz
|
0-0: Called Strike 0-1: DOUBLE (Line Drive, 89D, EV 101.2 MPH) John Shaffer to third Runner from 3rd tries for Home, SAFE, no throw by RF
|
Batting: RHB David Matheney
|
0-0: Called Strike 0-1: Ball 1-1: Foul Ball, location: 2F 1-2: Strikes out swinging
|
Bottom of the 4th over - 2 runs, 3 hits, 0 errors, 1 left on base; Beloit 3 - Lake County 4 |
TOP OF THE 5TH |
Beloit Snappers batting - Pitching for Lake County Captains : RHP David Matheney
|
Batting: RHB Roger Simmons
|
0-0: Called Strike 0-1: Swinging Strike 0-2: Ball 1-2: Ball 2-2: Ball 3-2: Foul Ball, location: 2F 3-2: Base on Balls
|
Batting: LHB Fred Arends
|
0-0: Ball 1-0: Called Strike 1-1: Foul Ball, location: 2F 1-2: Fielders Choice at 2nd, 3-6 (Groundball, 34S, EV 91.2 MPH)
|
Batting: RHB Shannon Beck
|
0-0: Ball 1-0: Ball 2-0: Foul Ball, location: 2F 2-1: Foul Ball, location: 2F 2-2: Ball 3-2: Foul Ball, location: 2F 3-2: SINGLE (Flyball, 8RS, EV 89.4 MPH) Fred Arends to second Fred Arends to third
|
Batting: RHB Manny Moron
|
0-0: Called Strike 0-1: Ball 1-1: Ball 2-1: Called Strike 2-2: Ball 3-2: Foul Ball, location: 2F 3-2: SINGLE (Flyball, 8RS, EV 95.0 MPH) Fred Arends scores Shannon Beck to second
|
Pitching: RHP Andy Knothe
|
|
Batting: SHB Ivan Barry
|
0-0: Foul Ball, location: 2F 0-1: Fielders Choice at 2nd, 1-4 (Groundball, 15S, EV 68.8 MPH) Shannon Beck to third
|
Batting: RHB Tyler Stebbins
|
0-0: Swinging Strike 0-1: Ball 1-1: Swinging Strike 1-2: Foul Ball, location: 2F 1-2: Strikes out looking
|
Top of the 5th over - 1 run, 2 hits, 0 errors, 2 left on base; Beloit 4 - Lake County 4 |
BOTTOM OF THE 5TH |
Lake County Captains batting - Pitching for Beloit Snappers : RHP Guo-quiang Chen
|
Batting: LHB Tetsuya Oba
|
0-0: Ball 1-0: Called Strike 1-1: Ball 2-1: SINGLE (Flyball, 8RS, EV 90.0 MPH)
|
Batting: SHB Jarrod Lindblad
|
0-0: Ball 1-0: Foul Ball, location: 2F 1-1: Swinging Strike 1-2: Foul Ball, location: 2F 1-2: Ball 2-2: Ball 3-2: Ground out 4-3 (Groundball, 4D, EV 110.0 MPH) Tetsuya Oba to second
|
Batting: RHB Ricky Deen
|
0-0: Called Strike 0-1: Ball 1-1: Called Strike Tetsuya Oba steals 3rd, throwing error, E2 Tetsuya Oba scores 1-2: Ball 2-2: Ball 3-2: Fly out, F3 (Popup, 3, EV 53.1 MPH)
|
Batting: RHB Ernest Olkowicz
|
0-0: Fly out, F9 (Flyball, 89D, EV 91.9 MPH)
|
Bottom of the 5th over - 1 run, 1 hit, 1 error, 0 left on base; Beloit 4 - Lake County 5 |
TOP OF THE 6TH |
Beloit Snappers batting - Pitching for Lake County Captains : RHP Andy Knothe
|
Batting: RHB Josh Mauer
|
0-0: Ball 1-0: Ball 2-0: Ball 3-0: Base on Balls
|
Batting: RHB Alfredo Lemus
|
0-0: Foul Ball, location: 2F 0-1: Foul Ball, location: 2F 0-2: Strikes out swinging
|
Batting: LHB Jeremy Brammer
|
0-0: Ball 1-0: Ball 2-0: Ball 3-0: Base on Balls Josh Mauer to second
|
Batting: RHB Roger Simmons
|
0-0: Ball 1-0: Ball 2-0: Ball 3-0: Called Strike 3-1: Reached on error, E6 (Groundball, 6, EV 86.2 MPH) Josh Mauer to third Jeremy Brammer to second
|
Batting: LHB Fred Arends
|
0-0: Ball 1-0: SINGLE (Groundball, 34D, EV 111.2 MPH) Josh Mauer scores Jeremy Brammer to third Roger Simmons to second Runner from 3rd tries for Home, SAFE, throw by RF to home
|
Batting: RHB Shannon Beck
|
0-0: Ball 1-0: Swinging Strike 1-1: Fielders Choice at 2nd, 6-4 (Groundball, 6, EV 85.6 MPH) Roger Simmons to third
|
Batting: RHB Manny Moron
|
0-0: Fly out, F9 (Line Drive, 9, EV 93.1 MPH)
|
Top of the 6th over - 2 runs, 1 hit, 1 error, 2 left on base; Beloit 6 - Lake County 5 |
BOTTOM OF THE 6TH |
Lake County Captains batting - Pitching for Beloit Snappers : RHP Guo-quiang Chen
|
Pitching: LHP Doug Axelsen
|
|
Batting: LHB Brandon Hopper
|
0-0: Foul Ball, location: 2F 0-1: Swinging Strike 0-2: Ball 1-2: Ball 2-2: Ball 3-2: Strikes out swinging
|
Batting: RHB Joeri Plas
|
0-0: Ball 1-0: Swinging Strike 1-1: Foul Ball, location: 2F 1-2: Ball 2-2: Strikes out swinging
|
Batting: RHB John Shaffer
|
0-0: Called Strike 0-1: SINGLE (Flyball, 89S, EV 88.8 MPH)
|
Batting: RHB Chris Diaz
|
0-0: Ground out 6-3 (Groundball, 6M, EV 100.0 MPH)
|
Bottom of the 6th over - 0 runs, 1 hit, 0 errors, 1 left on base; Beloit 6 - Lake County 5 |
TOP OF THE 7TH |
Beloit Snappers batting - Pitching for Lake County Captains : RHP Andy Knothe
|
Batting: SHB Ivan Barry
|
0-0: Swinging Strike 0-1: Foul Ball, location: 2F 0-2: Ground out U3 (Groundball, 34S, EV 75.6 MPH)
|
Batting: RHB Tyler Stebbins
|
0-0: Ball 1-0: Called Strike 1-1: Ball 2-1: Foul Ball, location: 2F 2-2: Ball 3-2: Fly out, F4 (Line Drive, 4, EV 68.8 MPH)
|
Batting: RHB Josh Mauer
|
0-0: Ball 1-0: Ball 2-0: Called Strike 2-1: Ball 3-1: Foul Ball, location: 2F 3-2: Foul Ball, location: 2F 3-2: Foul Ball, location: 2F 3-2: Ground out 6-3 (Groundball, 56, EV 85.6 MPH)
|
Top of the 7th over - 0 runs, 0 hits, 0 errors, 0 left on base; Beloit 6 - Lake County 5 |
BOTTOM OF THE 7TH |
Lake County Captains batting - Pitching for Beloit Snappers : LHP Doug Axelsen
|
Pitching: LHP Rich Byrd
|
|
Batting: RHB David Matheney
|
0-0: Ball 1-0: Ball 2-0: Fly out, F9 (Flyball, 9D, EV 92.5 MPH)
|
Batting: LHB Tetsuya Oba
|
0-0: Ball 1-0: Foul Ball, location: 2F 1-1: Ball 2-1: Ball 3-1: SINGLE (Groundball, 6MD, EV 102.5 MPH)
|
Batting: SHB Jarrod Lindblad
|
0-0: Ball 1-0: Called Strike 1-1: Foul Ball, location: 2F 1-2: Ball 2-2: Ball 3-2: SINGLE (Line Drive, 8RS, EV 92.5 MPH) Tetsuya Oba to second Tetsuya Oba to third
|
Batting: RHB Ricky Deen
|
0-0: Called Strike 0-1: Ball 1-1: Ball 2-1: Swinging Strike 2-2: Ball 3-2: Fly out, F3 (Line Drive, 3, EV 70.0 MPH) Lined into DP, U3 (Line Drive, 3, EV 68.8 MPH)
|
Bottom of the 7th over - 0 runs, 2 hits, 0 errors, 1 left on base; Beloit 6 - Lake County 5 |
TOP OF THE 8TH |
Beloit Snappers batting - Pitching for Lake County Captains : RHP Andy Knothe
|
Pitching: RHP Nate Souza
|
|
Batting: RHB Alfredo Lemus
|
0-0: Swinging Strike 0-1: Ground out 6-3 (Groundball, 6, EV 79.4 MPH)
|
Batting: LHB Jeremy Brammer
|
0-0: Called Strike 0-1: Foul Ball, location: 2F 0-2: Foul Ball, location: 2F 0-2: Strikes out looking
|
Batting: RHB Roger Simmons
|
0-0: Swinging Strike 0-1: Called Strike 0-2: Strikes out looking
|
Top of the 8th over - 0 runs, 0 hits, 0 errors, 0 left on base; Beloit 6 - Lake County 5 |
BOTTOM OF THE 8TH |
Lake County Captains batting - Pitching for Beloit Snappers : LHP Rich Byrd
|
Batting: RHB Ernest Olkowicz
|
0-0: Ball 1-0: Ball 2-0: Swinging Strike 2-1: Called Strike 2-2: Strikes out looking
|
Pinch Hitting: RHB Chris Fitzgerald
|
0-0: Ball 1-0: Fly out, F7 (Flyball, 7D, EV 102.5 MPH)
|
Batting: RHB Joeri Plas
|
0-0: Foul Ball, location: 2F 0-1: Foul Ball, location: 2F 0-2: Ball 1-2: Ground out 4-3 (Groundball, 4, EV 86.9 MPH)
|
Bottom of the 8th over - 0 runs, 0 hits, 0 errors, 0 left on base; Beloit 6 - Lake County 5 |
TOP OF THE 9TH |
Beloit Snappers batting - Pitching for Lake County Captains : RHP Nate Souza
|
Pitching: RHP Dantae Elizondo
|
|
Now at 2B: Chris Fitzgerald
|
|
Now in LF: Tetsuya Oba
|
|
Batting: LHB Fred Arends
|
0-0: Ball 1-0: Swinging Strike 1-1: SINGLE (Line Drive, 3D, EV 103.1 MPH)
|
Batting: RHB Shannon Beck
|
0-0: Swinging Strike 0-1: Swinging Strike 0-2: Foul Ball, location: 2F 0-2: Strikes out swinging
|
Batting: RHB Manny Moron
|
0-0: Foul Ball, location: 2F 0-1: Ball 1-1: Grounds into double play, 6-4-3 (Groundball, 6, EV 102.5 MPH)
|
Top of the 9th over - 0 runs, 1 hit, 0 errors, 0 left on base; Beloit 6 - Lake County 5 |
BOTTOM OF THE 9TH |
Lake County Captains batting - Pitching for Beloit Snappers : LHP Rich Byrd
|
Pitching: RHP Scott Voss
|
|
Batting: RHB John Shaffer
|
0-0: Called Strike 0-1: Called Strike 0-2: Ball 1-2: Ball 2-2: Ball 3-2: Base on Balls
|
Batting: RHB Chris Diaz
|
0-0: Sac Bunt to 13 - play at first, batter OUT! 1-4 John Shaffer to second
|
Batting: LHB John Shults
|
0-0: Ball 1-0: Ball 2-0: Ball 3-0: Base on Balls
|
Batting: LHB Tetsuya Oba
|
0-0: Ball 1-0: Foul Ball, location: 2F 1-1: 3-RUN HOME RUN (Flyball, 89XD, EV 111.2 MPH), Distance : 439 ft
|
Bottom of the 9th over - 3 runs, 1 hit, 0 errors, 0 left on base; Beloit 6 - Lake County 8 |
|